 Dungeon Crawl Stone Soup version 0.31-a0-1540-g5a0b83f448 (webtiles) character file.

Game seed: 1340914690981653262

3006 croobank the Covert (level 9, -2/47 (49) HPs)
             Began as a Felid Delver on Jan 2, 2024.
             Was an Initiate of Gozag.
             Slain by a killer bee (7 damage)
             ... on level 7 of the Dungeon.
             The game lasted 00:33:54 (8031 turns).

croobank the Covert (Felid Delver)                  Turns: 8031, Time: 00:33:55

HP:   -2/47 (49)    AC:  2    Str:  8    XL:     9   Next: 54%
MP:   0/15          EV: 22    Int: 19    God:    Gozag
Gold: 356           SH:  0    Dex: 17    Spells: 10/14 levels left
                                        Lives: 0   Deaths: 3

rFire   . .          .
                       - Unarmed
rCold   . . .        (shield unavailable)
rNeg    . . .        (body armour unavailable)
rPois   .            (helmet unavailable)
rElec   .            (cloak unavailable)
rCorr   .            (gloves unavailable)
SInv    +            (boots unavailable)
Will    +....        f - amulet of guardian spirit
Stlth   +++++        (no ring)
HPRegen 0.27/turn    (no ring)
MPRegen 0.14/turn

%: guardian spirit
@: brilliant, lethally poisoned (-2 -> -2), slightly contaminated, lightly
drained
A: very small, claws 1, fangs 3, see invisible, shaggy fur 2, stealthy paws, no
weapons or thrown items, no armour, multi-lived
a: Renounce Religion, Potion Petition, Call Merchant, Bribe Branch


You were on level 7 of the Dungeon.
You worshipped Gozag.
Gozag was aware of your devotion.
You visited 2 branches of the dungeon, and saw 8 of its levels.

You collected 469 gold pieces.
You paid 113 gold pieces to Gozag.

Inventory:

Jewellery
 f - an amulet of guardian spirit (around neck)
Talismans
 l - a serpent talisman
Wands
 e - a wand of digging (3)
Scrolls
 c - 2 scrolls of immolation
 g - 5 scrolls of identify
 j - a scroll of poison
 n - 2 scrolls of revelation
Potions
 i - 2 potions of mutation
 m - a potion of attraction
 p - a potion of enlightenment


   Skills:
 - Level 6.8 Fighting
 - Level 8.4 Dodging
 - Level 10.9 Stealth
 - Level 6.4 Unarmed Combat
 + Level 3.4 Spellcasting
 * Level 2.1 Summonings
 * Level 1.9 Fire Magic


You had 10 spell levels left.
You knew the following spells:

 Your Spells              Type           Power      Damage    Failure   Level
a - Summon Blazeheart Go  Fire/Summ      16%        N/A       54%         4

Your spell library contained the following spells:

 Spells                   Type           Power      Damage    Failure   Level
 Summon Small Mammal      Summ           64%        N/A       6%          1
 Apportation              Tloc           8%         N/A       14%         1
 Necrotise                Necr           16%        1d4       14%         1
 Sting                    Conj/Alch      16%        1d4       14%         1
 Cigotuvi's Dreadful Rot  Necr/Alch/Air  8%         N/A       22%         2
 Martyr's Knell           Necr/Summ      10%        N/A       67%         4
 Dispel Undead            Necr           4%         3d7       82%         4
 Death Channel            Necr           2%         N/A       100%        6
 Malign Gateway           Summ/Tloc      5%         N/A       100%        7
 Orb of Destruction       Conj           2%         9d5       100%        7
 Spellforged Servitor     Conj/Summ      5%         N/A       100%        7
 Summon Horrible Things   Summ           8%         N/A       100%        8


Dungeon Overview and Level Annotations

Branches:
Dungeon (7/15)             Temple (1/1) D:7

Altars:
Ashenzari
Cheibriados
Dithmenos
Elyvilon
Fedhas
Gozag
Hepliaklqana
Kikubaaqudgha
Makhleb
Nemelex Xobeh
Okawaru
Qazlal
Ru
Sif Muna
Trog
Vehumet
Wu Jian
Xom
The Shining One

Annotations:
D:4 1 runed translucent door, xnavy's ghost, amateur HORe
D:6 3 runed translucent doors, Curundu's ghost, novice MiBe
D:7 2 transporters, Lobster4's ghost, novice TeAE; Maggie
Temple 2 transporters


Innate Abilities, Weirdness & Mutations

You have sharp claws.
You have razor-sharp teeth.
You have supernaturally acute eyesight. (SInv)
You are covered in thick fur. (AC +2)
Your paws help you pounce on unaware monsters.
You are incapable of wielding weapons or throwing items.
You cannot wear armour.
You gain extra lives every three experience levels.


Message History

The killer bee closely misses you. x2
Okay, then.
You feel sick.
The killer bee attacks as it pursues you!
The killer bee barely misses you.
Casting: Summon Blazeheart Golem (extremely dangerous; 54% risk of failure)
Confirm with . or Enter, or press ? or * to list all spells.
You don't know that spell.
Unknown command.
Okay, then.
Unknown command.
Okay, then.
You feel clever all of a sudden.
You feel sick. The killer bee misses you. The killer bee completely misses you.
The killer bee barely misses you. The killer bee closely misses you.
Casting: Summon Blazeheart Golem (extremely dangerous; 54% risk of failure)
Confirm with . or Enter, or press ? or * to list all spells.
You feel a surge of power!
You miscast Summon Blazeheart Golem.
Nothing appears to happen.
You feel sick. The killer bee closely misses you. The killer bee misses you. x3
Casting: Summon Blazeheart Golem (extremely dangerous; 54% risk of failure)
Confirm with . or Enter, or press ? or * to list all spells.
You feel a surge of power!
You miscast Summon Blazeheart Golem.
Nothing appears to happen.
You feel sick. The killer bee barely misses you. The killer bee misses you.
The killer bee stings you. The killer bee closely misses you.
Casting: Summon Blazeheart Golem (extremely dangerous; 54% risk of failure)
Confirm with . or Enter, or press ? or * to list all spells.
You feel a surge of power!
You miscast Summon Blazeheart Golem.
Nothing appears to happen.
You feel sick. The killer bee completely misses you.
The killer bee closely misses you. x2; The killer bee misses you.
Casting: Summon Blazeheart Golem (extremely dangerous; 54% risk of failure)
Confirm with . or Enter, or press ? or * to list all spells.
You feel a surge of power!
You miscast Summon Blazeheart Golem.
You are lightly contaminated with residual magic.
You are blasted with searing flames!!
* * * LOW HITPOINT WARNING * * *
You feel sick.
The killer bee misses you. x2; The killer bee stings you!
You die...
Your body crumbles into a pile of gold.

#.#.)..##..#.................
#....#.....#.##........####.©
#..#.#.##.............##..# #
#..#......##.#.....#..#...
#......##.>....#..####.##.##..=
....##......##....# #.#.....#.
#.......#.##....##.# #.#..##..©
#....##.#....##....## #.#.5....
#.... .....#...@y#..# #.##...#.
#.##.#..##y#..# #..#....#
........y.yh..# ##.#####. ..
#..###y#h...# #.....### ..# ##
#.h.##### #####....
......k....# ##### ..y...h....#
...........# .####.....##


You could see 2 howler monkeys and 3 killer bees.

Vanquished Creatures
  An unseen horror (D:7)
  A wyvern (D:7)
  An orc warrior (D:7)
  2 black bears
  A sky beast (D:6)
  Duvessa (D:7)
  An ice beast (D:7)
  3 ogres
  A kobold brigand (D:7)
  A bullfrog (D:7)
  3 scorpions
  11 wights (D:7)
  Dowan (D:7)
  2 bombardier beetles
  7 hounds
  3 jellies
  An orc priest (D:5)
  2 iguanas
  2 orc wizards (D:6)
  A sleepcap (D:4)
  Natasha (D:4)
  7 gnolls
  9 adders
  2 white imps
  3 dart slugs
  2 ribbon worms
  29 orcs
  8 ball pythons
  4 endoplasms
  4 giant cockroaches
  5 goblins
  3 hobgoblins
  9 jackals
  A quokka (D:1)
  6 bats
  5 frilled lizards
  5 kobolds
  2 rats
151 creatures vanquished.

Vanquished Creatures (collateral kills)
  An endoplasm (D:2)
1 creature vanquished.

Grand Total: 152 creatures vanquished

Notes
Turn   | Place    | Note
-------+----------+-------------------------------------------
     0 | D:5      | croobank the Felid Delver began the quest for the Orb.
     0 | D:5      | Reached XP level 1. HP: 12/12 MP: 2/2
    63 | D:6      | Noticed a hound
    70 | D:6      | Slain by a hound
    70 | D:6      | Lost a life (0 lives remaining)
   134 | D:6      | Noticed a sky beast
   136 | D:6      | Noticed a black bear
   157 | D:6      | Noticed an ogre
   161 | D:6      | Killed an ogre
   162 | D:6      | Reached skill level 7 in Stealth
   162 | D:6      | Reached XP level 2. HP: 16/16 MP: 3/3
   162 | D:6      | Reached XP level 3. HP: 20/20 MP: 4/4
   162 | D:6      | Reached XP level 4. HP: 25/25 MP: 5/5
   162 | D:6      | Gained a life (1 life remaining)
   313 | D:5      | Reached XP level 5. HP: 29/29 MP: 6/6
   378 | D:5      | Found a shimmering blue altar of Sif Muna.
   381 | D:5      | Found a shadowy altar of Dithmenos.
   390 | D:5      | Noticed a water moccasin
   454 | D:5      | Noticed a phantom
   805 | D:4      | Noticed an ogre
   843 | D:4      | Slain by a gnoll
   843 | D:4      | Lost a life (0 lives remaining)
   889 | D:3      | Reached skill level 8 in Stealth
   889 | D:3      | Gained mutation: You are covered in thick fur. (AC +2)
                  | [Felid growth]
   889 | D:3      | Reached XP level 6. HP: 6/33 MP: 7/7
  1306 | D:2      | Found a stormy altar of Qazlal.
  1348 | D:2      | Reached skill level 5 in Dodging
  1654 | D:1      | Found a faded altar of an unknown god.
  3666 | D:4      | Reached XP level 7. HP: 38/38 MP: 8/8
  3666 | D:4      | Gained a life (1 life remaining)
  3959 | D:4      | Noticed Natasha
  3969 | D:4      | Killed Natasha
  3970 | D:4      | Reached skill level 5 in Fighting
  4114 | D:4      | Noticed xnavy's ghost (amateur HORe)
  4115 | D:4      | Found a runed translucent door.
  4213 | D:4      | Found an iron altar of Okawaru.
  4213 | D:4      | Found a hazy altar of Hepliaklqana.
  4827 | D:5      | Reached skill level 9 in Stealth
  5581 | D:6      | Reached skill level 5 in Unarmed Combat
  5581 | D:6      | Reached XP level 8. HP: 36/44 MP: 6/9
  5780 | D:6      | Found a runed translucent gate.
  5780 | D:6      | Found a runed translucent gate.
  5780 | D:6      | Found a runed translucent gate.
  6093 | D:6      | Noticed Curundu's ghost (novice MiBe)
  6185 | D:6      | Reached skill level 1 in Spellcasting
  6473 | D:7      | Found a transporter.
  6489 | D:7      | Found a staircase to the Ecumenical Temple.
  6497 | Temple   | Found a transporter.
  6497 | Temple   | Found a transporter.
  6497 | Temple   | Found a transporter.
  6497 | Temple   | Found a transporter.
  6497 | Temple   | Entered the Ecumenical Temple
  6512 | Temple   | Became a worshipper of Gozag Ym Sagoz the Greedy
  6529 | D:7      | Noticed Duvessa
  6532 | D:7      | Noticed Dowan
  6535 | D:7      | Killed Dowan
  6536 | D:7      | Reached skill level 10 in Stealth
  6761 | D:7      | Killed Duvessa
  7196 | D:7      | Reached XP level 9. HP: 48/49 MP: 13/13
  7302 | D:7      | Noticed an unseen horror
  7320 | D:7      | Killed an unseen horror
  7323 | D:7      | Slain by a wyvern
  7323 | D:7      | Lost a life (0 lives remaining)
  7508 | D:7      | Learned a level 4 spell: Summon Blazeheart Golem
  7685 | D:7      | Reached skill level 1 in Summonings
  7685 | D:7      | Reached skill level 1 in Fire Magic
  7841 | D:7      | Noticed Maggie
  7905 | D:7      | Noticed Lobster4's ghost (novice TeAE)
  7913 | D:7      | Found a transporter.
  8031 | D:7      | Slain by a killer bee

Illustrated notes

Levels and vault maps discovered:
D:1:      dpeg_arrival_orchard, layout_basic, chequers_ecumenical_altar_simple
D:2:      minmay_skewed_foursquare, layout_basic, basic_altar,
          nicolae_concentric_dashed_squares_mild
D:3:      layout_basic, minivault_19
D:4:      layout_cave_pods, gammafunk_temple_overflow_wave, serial_column_ruins,
          column_ruins_pillar_1, column_ruins_pillar_3, column_ruins_pillar_12,
          column_ruins_pillar_2, column_ruins_pillar_7, column_ruins_pillar_12,
          column_ruins_pillar_5, column_ruins_pillar_6, column_ruins_pillar_1,
          column_ruins_pillar_1, column_ruins_pillar_3,
          hellmonk_ghost_happy_afterlife, uniq_natasha
D:5:      layout_gridville, nicolae_overflow_squiral
D:6:      layout_gridville, gammafunk_ghost_icy
D:7:      layout_gridville, minmay_temple_entry_ruins,
          gammafunk_ghost_stat_death, grunt_ministairs_10,
          roadster_capsule_ark_zombie, uniq_maggie, uniq_duvessa
Temple:   hellmonk_temple_divided_pantheon

Skill      XL: |  1  2  3  4  5  6  7  8  9 |
---------------+----------------------------+-----
Dodging        | 3 4 5 6 7 8 |  8.4
Stealth        | 7 8 9 10 | 10.9
Unarmed Combat | 3 4 5 6 |  6.4
Fighting       | 4 5 6 |  6.8
Spellcasting   | 2 3 |  3.4
Summonings     | 2 |  2.1
Fire Magic     | 1 |  1.9

Action                     |  1- 3 |  4- 6 |  7- 9 || total
---------------------------+-------+-------+-------++-------
  Melee: Unarmed           |     9 |   259 |   312 ||   580
         Bite              |       |    24 |    41 ||    65
         Punch             |       |     6 |    11 ||    17
  Evoke: Wand              |       |     4 |     7 ||    11
    Use: Scroll            |       |     9 |    11 ||    20
         Potion            |       |     2 |     7 ||     9
   Stab: Sleeping          |     1 |    25 |    17 ||    43
         Distracted        |       |     2 |       ||     2
         Paralysed         |       |       |     1 ||     1
 Armour: Skin              |     6 |    66 |   126 ||   198
  Dodge: Dodged            |     6 |   197 |   243 ||   446

Table legend: (Time is in decaauts)
 A = Elapsed time spent in this place.
 B = Non-inter-level travel time spent in this place.
 C = Inter-level travel time spent in this place.
 D = Time resting spent in this place.
 E = Time spent auto-exploring this place.
 F = Levels seen in this place.
 G = Mean time per level.
                   A        B        C        D        E       F      G
               +--------+--------+--------+--------+--------+-----+--------+
         Total |   7959 |   7762 |    197 |   2185 |   3114 |   8 |  994.9 |
       Dungeon |   7928 |   7731 |    197 |   2185 |   3114 |   7 | 1132.6 |
        Temple |     30 |     30 |      0 |      0 |      0 |   1 |   30.0 |
               +--------+--------+--------+--------+--------+-----+--------+

Top non-repeatable levels by time:
     D:4: 1553 daAuts
     D:7: 1407 daAuts
     D:6: 1263 daAuts
     D:2: 1163 daAuts
     D:5: 1002 daAuts
     D:3: 922 daAuts
     D:1: 614 daAuts
  Temple: 30 daAuts
